[Event "*** Titled Tuesday 3|2 Blitz"]
[Site "Chess.com"]
[Date "2016.09.06"]
[Round "3"]
[White "RodinMihail"]
[Black "Haridaskesavan"]
[Result "1-0"]
[WhiteElo "2324"]
[BlackElo "2194"]
[TimeControl "180+2"]
[EndTime "11:30:38 PDT"]
[Termination "RodinMihail won by resignation"]

1. e4 e5 2. Nf3 Nc6 3. Nc3 Nf6 4. d4 exd4 5. Nxd4 Bb4 6. Nxc6 bxc6 7. Bd3 d5 8. exd5 Qe7+ 9. Qe2 Qxe2+ 10. Kxe2 Nxd5 11. Nxd5 cxd5 12. Bb5+ Bd7 13. Bxd7+ Kxd7 14. Rd1 c6 15. c4 Rhe8+ 16. Kf3 Rad8 17. cxd5 Kc8 18. Be3 Rxd5 19. Rxd5 cxd5 20. Bxa7 Kb7 21. Bd4 f6 22. a3 Bd6 23.
Rd1 Kc6 24. a4 Be5 25. Rc1+ Kd6 26. Bc5+ Ke6 27. b4 d4 28. Ke4 f5+ 29. Kd3 Kd5 30. Rc4 Rc8 31. a5 g5 32. a6 Rb8 33. a7 Rc8 34.
Bxd4 Rxc4 35. Bxe5 Rc8 36. Bb8 1-0

[Event "*** Titled Tuesday 3|2 Blitz"]
[Site "Chess.com"]
[Date "2016.09.06"]
[Round "3"]
[White "Mepetmepe"]
[Black "Misha_Bilous"]
[Result "0-1"]
[WhiteElo "2324"]
[BlackElo "2369"]
[TimeControl "180+2"]
[EndTime "11:30:51 PDT"]
[Termination "Misha_Bilous won by resignation"]

1. d4 Nf6 2. c4 g6 3. Nc3 Bg7 4. e4 d6 5. Nf3 O-O 6. h3 e5 7. d5 Nh5 8. g3 f5 9. exf5 gxf5 10. Nh4 Nf4 11. Bd2 Na6 12. a3 Nc5 13. Qc2 a5 14. O-O-O a4 15. Kb1 Ng6 16. Ng2 f4 17. gxf4 Bf5 18.
h4 Bxc2+ 19. Kxc2 Nxf4 20. Nxf4 exf4 21. h5 Qf6 22. Rg1 Qf5+ 0-1

[Event "*** Titled Tuesday 3|2 Blitz"]
[Site "Chess.com"]
[Date "2016.09.06"]
[Round "3"]
[White "dusanacns"]
[Black "biostatistician"]
[Result "1-0"]
[WhiteElo "2551"]
[BlackElo "2377"]
[TimeControl "180+2"]
[EndTime "11:31:08 PDT"]
[Termination "dusanacns won by resignation"]

1. e4 e6 2. d4 d5 3. Nd2 Nc6 4. Ngf3 Nf6 5. e5 Ne4 6. Bd3 Nxd2 7. Bxd2 Nb4 8. Be2 c5 9. c3 Nc6 10. O-O Bd7 11. Be3 cxd4 12. cxd4 Qb6 13. b3 Rc8 14. h4 Ba3 15. h5 Nb4 16. h6 g6 17.
Bc1 Nc2 18. Bxa3 Nxa3 19. Rc1 O-O 20. Qd2 Bb5 21. Bxb5 Rxc1 22. Rxc1 Nxb5 23. Qg5 Qd8 24. Qxd8 Rxd8 25. a4 Na3 26. Rc7 b5 27. a5 a6 28.
Ra7 Nc2 29. Rxa6 Na1 30. Rb6 Nxb3 31. Rxb5 Nc1 32. a6 Ne2+ 33. Kh2 Nc3 34. Rb7 1-0

[Event "*** Titled Tuesday 3|2 Blitz"]
[Site "Chess.com"]
[Date "2016.09.06"]
[Round "3"]
[White "GianmarcoVaR"]
[Black "Yaacovn"]
[Result "0-1"]
[WhiteElo "2401"]
[BlackElo "2654"]
[TimeControl "180+2"]
[EndTime "11:31:13 PDT"]
[Termination "Yaacovn won by resignation"]

1. Nf3 Nf6 2. d4 e6 3. e3 b6 4. Bd3 Bb7 5. O-O Be7 6. c4 O-O 7. Nc3 d5 8. b3 c5 9. cxd5 Nxd5 10. Nxd5 Bxd5 11. e4 Bb7 12. dxc5 Bxc5 13. Bb2 Nc6 14. Qe2 Qe7 15. a3 a5 16. Rfc1 Rad8 17. Bb5 Nd4 18.
Nxd4 Bxd4 19. Bxd4 Rxd4 20. Bc6 Rfd8 21. h3 h6 22. Ra2 Qg5 23. Rac2 Bxc6 24. Rxc6 Qf4 25. Rxb6 Qxc1+ 0-1

[Event "*** Titled Tuesday 3|2 Blitz"]
[Site "Chess.com"]
[Date "2016.09.06"]
[Round "3"]
[White "Zhani-Z"]
[Black "lionheart95"]
[Result "0-1"]
[WhiteElo "2279"]
[BlackElo "2456"]
[TimeControl "180+2"]
[EndTime "11:31:21 PDT"]
[Termination "lionheart95 won by resignation"]

1. e4 e5 2. Nf3 Nc6 3. Bc4 Nf6 4. d3 h6 5. c3 d6 6. Bb3 g6 7. O-O Bg7 8. Re1 O-O 9. Nbd2 d5 10. exd5 Nxd5 11. Nc4 Re8 12. h3 Kh7 13. Ba4 f6 14.
Bxc6 bxc6 15. Qa4 Bd7 16. Bd2 Nb6 17. Qa5 Bf5 18. Qc5 Bxd3 19. Na5 Qd5 20. Qa3 c5 21. Be3 c4 22. Nd2 Bf8 23. b4 cxb3 24. Qxb3 Qxa5 25. Qf7+ Bg7 26. c4 Bf5 27. Nb3 Qa4 0-1

[Event "*** Titled Tuesday 3|2 Blitz"]
[Site "Chess.com"]
[Date "2016.09.06"]
[Round "3"]
[White "Rsnr"]
[Black "yurisolo"]
[Result "1-0"]
[WhiteElo "2502"]
[BlackElo "2495"]
[TimeControl "180+2"]
[EndTime "11:31:25 PDT"]
[Termination "Rsnr won by resignation"]

1. d4 Nf6 2. c4 c6 3. Nf3 d5 4. Nc3 e6 5. Bg5 dxc4 6. e4 b5 7. e5 h6 8. Bh4 g5 9. Nxg5 hxg5 10. Bxg5 Nbd7 11. g3 Bb7 12. Bg2 Qb6 13. exf6 O-O-O 14.
O-O c5 15. d5 b4 16. Rb1 Qa6 17. dxe6 Bxg2 18. e7 Bxf1 19. Qd5 Bxe7 20. fxe7 Rde8 21. Ne4 Bd3 22. Nd6+ Kc7 23. Bf4 Kb6 24. Nxe8 Rxe8 25. Qxd7 Qb5 26. Qd8+ Ka6 27. Re1 c3 28. bxc3 bxc3 29.
a4 1-0

[Event "*** Titled Tuesday 3|2 Blitz"]
[Site "Chess.com"]
[Date "2016.09.06"]
[Round "3"]
[White "roldieyi"]
[Black "Quiet_Desperation"]
[Result "1-0"]
[WhiteElo "2224"]
[BlackElo "2243"]
[TimeControl "180+2"]
[EndTime "11:31:27 PDT"]
[Termination "roldieyi won by resignation"]

1. d4 Nf6 2. Nf3 e6 3. e3 b6 4.
Bd3 Bb7 5. b3 Be7 6. Bb2 O-O 7.
Nbd2 c5 8. O-O Nc6 9. a3 Rc8 10. Qe2 cxd4 11. exd4 d6 12. c4 a6 13. Rad1 Re8 14. Rfe1 Bf8 15. Qe3 g6 16. b4 Bg7 17.
Ne4 Nxe4 18. Bxe4 f5 19. Bb1 Nb8 20. c5 bxc5 21. bxc5 Bd5 22. Qe2 dxc5 23. dxc5 Bxb2 24. Qxb2 Rxc5 25. Nd4 Qc7 26. Ba2 Nc6 27. Bxd5 Nxd4 28. Rxd4 exd5 29. Rxe8+ Kf7 30. Re1 1-0

[Event "*** Titled Tuesday 3|2 Blitz"]
[Site "Chess.com"]
[Date "2016.09.06"]
[Round "3"]
[White "NTBT_DHS"]
[Black "chessdude"]
[Result "1-0"]
[WhiteElo "2530"]
[BlackElo "2349"]
[TimeControl "180+2"]
[EndTime "11:31:55 PDT"]
[Termination "NTBT_DHS won by resignation"]

1. d4 Nf6 2. c4 g6 3. Nc3 d5 4. e3 Bg7 5. Nf3 O-O 6. b4 Nc6 7. a3 dxc4 8. Bxc4 e5 9. Nxe5 Nxe5 10. dxe5 Nd7 11. f4 Bxe5 12. Bb2 Nb6 13. Bxf7+ Kxf7 14. fxe5 Qxd1+ 15. Rxd1 Bg4 16. O-O+ Ke6 17. Rd4 Rxf1+ 18. Kxf1 Rf8+ 19. Ke1 Bf5 20. e4 Bg4 21. h3 Bh5 22. g4 Bxg4 23. hxg4 Rf4 24. Nd5 Rxg4 25. Nxc7+ Ke7 26.
Nd5+ Ke6 27. Nxb6 axb6 28. Rd6+ Ke7 29. Rxb6 h5 30. Kf2 Rf4+ 31. Ke3 g5 32. Rxb7+ Ke6 33.
Rb6+ Ke7 34. Bd4 h4 35. Bc5+ Kd8 36. e6 h3 37. e7+ Kd7 38. Rb7+ 1-0

[Event "*** Titled Tuesday 3|2 Blitz"]
[Site "Chess.com"]
[Date "2016.09.06"]
[Round "3"]
[White "Boryboy"]
[Black "Colombiano07"]
[Result "1-0"]
[WhiteElo "2418"]
[BlackElo "2226"]
[TimeControl "180+2"]
[EndTime "11:32:03 PDT"]
[Termination "Boryboy won by resignation"]

1. d4 d5 2. Nf3 Bf5 3. c4 e6 4.
Nc3 c6 5. e3 Nd7 6. Be2 Be7 7.
Qb3 Qb6 8. cxd5 exd5 9. Qxb6 axb6 10. O-O h6 11. Ne5 Nxe5 12. dxe5 b5 13. f4 Bc5 14.
Kh1 Ne7 15. Bf3 O-O 16. e4 b4 17. exf5 bxc3 18. f6 cxb2 19. Bxb2 Nf5 20. fxg7 Rfe8 21.
g4 Bd4 22. gxf5 Bxb2 23. Rab1 Rxa2 24. Rf2 Kxg7 25. Rfxb2 Rxb2 26. Rxb2 b5 27. f6+ Kg6 28. Bg4 Ra8 29. Kg2 Ra4 30. Kg3 h5 31. Bh3 Ra3+ 32. Kh4 Rf3 33. f5+ Kh6 34. e6 fxe6 35. fxe6 Rxf6 36.
Re2 Rf8 37. e7 Re8 38. Bd7 1-0

[Event "*** Titled Tuesday 3|2 Blitz"]
[Site "Chess.com"]
[Date "2016.09.06"]
[Round "3"]
[White "chorejason"]
[Black "NoWuss2"]
[Result "1-0"]
[WhiteElo "2036"]
[BlackElo "1993"]
[TimeControl "180+2"]
[EndTime "11:32:35 PDT"]
[Termination "chorejason won by resignation"]

1. e4 Nc6 2. d4 e5 3. Nc3 exd4 4. Nd5 Bc5 5. Nf3 Nge7 6. Bc4 h6 7. O-O O-O 8. Nf6+ gxf6 9. Bxh6 Ng6 10. Nh4 Nce5 11. Nxg6 Nxg6 12. Qh5 d5 13. Bxd5 Ne5 14. f4 d3+ 15.
Kh1 c6 16. Bb3 Bg4 17. Qh4 Kh7 18. fxe5 Be6 19. Bxf8+ Kg8 20. Bxc5 1-0

[Event "*** Titled Tuesday 3|2 Blitz"]
[Site "Chess.com"]
[Date "2016.09.06"]
[Round "3"]
[White "Sanan_Sjugirov"]
[Black "petrpalachev"]
[Result "1-0"]
[WhiteElo "2708"]
[BlackElo "2414"]
[TimeControl "180+2"]
[EndTime "11:32:37 PDT"]
[Termination "Sanan_Sjugirov won by resignation"]

1. d4 Nf6 2. Nf3 d5 3. Bg5 c5 4. e3 Nc6 5. c3 Qb6 6. Qc1 Ne4 7. Bf4 Bf5 8. Nbd2 Nxd2 9. Qxd2 g6 10. dxc5 Qxc5 11. b4 Qb6 12. b5 Na5 13. Be5 f6 14. Bg3 Rd8 15. Nd4 Bd7 16. f4 Bg7 17.
Be2 e5 18. fxe5 fxe5 19. Nf3 Nc4 20. Bxc4 dxc4 21. O-O Bxb5 22. Qe2 Rd3 23. Rae1 O-O 24. Bxe5 Rxf3 25. Qxf3 Qe6 26. Bxg7 1-0

[Event "*** Titled Tuesday 3|2 Blitz"]
[Site "Chess.com"]
[Date "2016.09.06"]
[Round "3"]
[White "putinwarrior"]
[Black "SavelijTartakover"]
[Result "1/2-1/2"]
[WhiteElo "2347"]
[BlackElo "2492"]
[TimeControl "180+2"]
[EndTime "11:32:46 PDT"]
[Termination "Game drawn by repetition"]

1. d4 Nf6 2. Bg5 d5 3. e3 Nbd7 4. Nd2 e6 5. Bd3 Be7 6. f4 c5 7. c3 b6 8. Ngf3 Bb7 9. O-O O-O 10. Ne5 Ne4 11. Bxe7 Qxe7 12. Nxd7 Qxd7 13. Qe2 a5 14.
Bb5 Bc6 15. Bxc6 Qxc6 16. Nxe4 dxe4 17. a4 f5 18. Rfd1 c4 19. d5 exd5 20. Rd4 Rfd8 21. Rad1 Rd7 22. Qc2 Rad8 23. R1d2 h6 24. Qd1 Kh7 25.
h3 Rd6 26. Qh5 g6 27. Qd1 Qd7 28. b3 cxb3 29. Qxb3 Qc6 30. Kf2 h5 31. h4 Rc8 32.
Rxd5 Rxd5 33. Rxd5 Qxc3 34. Qxb6 Rc7 35. Qxa5 Qxa5 36. Rxa5 Rc2+ 37. Kf1 Ra2 38. Ra7+ Kh6 39. a5 Ra1+ 40. Kf2 Ra2+ 41. Kg3 Re2 42. a6 Rxe3+ 43.
Kf2 Ra3 44. g3 Ra2+ 45. Kf1 Ra3 46. Kf2 Ra2+ 47. Kf1 Ra3 48. Kf2 Ra2+ 1/2-1/2

[Event "*** Titled Tuesday 3|2 Blitz"]
[Site "Chess.com"]
[Date "2016.09.06"]
[Round "3"]
[White "pedromartinez91"]
[Black "dretch"]
[Result "0-1"]
[WhiteElo "2392"]
[BlackElo "2622"]
[TimeControl "180+2"]
[EndTime "11:33:02 PDT"]
[Termination "dretch won by resignation"]

1. Nf3 d5 2. d4 Nf6 3. Bf4 c5 4. c3 Nc6 5. e3 Qb6 6. Qb3 c4 7. Qc2 Bf5 8. Qc1 e6 9. Nbd2 Be7 10. Be2 O-O 11. h3 Rfc8 12. O-O Qd8 13. Bd1 b5 14. Bc2 b4 15. Ne5 Qa5 16. Bxf5 exf5 17. Bg5 h6 18. Bxf6 Bxf6 19. f4 g6 20. g4 Ne7 21. Kg2 bxc3 22.
bxc3 Qa6 23. Qc2 Qe6 24. Kf3 Rab8 25. Rab1 fxg4+ 26. hxg4 h5 27. gxh5 Qh3+ 28. Ke2 Qh2+ 29. Rf2 Qxh5+ 30. Ndf3 Nf5 31. Rh2 Ng3+ 32. Kf2 Ne4+ 33.
Kg2 Qf5 34. Rxb8 Rxb8 35. Rh1 g5 36. fxg5 Bxe5 37. Nxe5 Qxg5+ 38. Kf1 Ng3+ 39. Kg2 Nf5+ 40. Kf2 Qxe3+ 41. Kg2 Qg3+ 42. Kf1 Ne3+ 43. Ke2 Nxc2 0-1

[Event "*** Titled Tuesday 3|2 Blitz"]
[Site "Chess.com"]
[Date "2016.09.06"]
[Round "3"]
[White "Gordima"]
[Black "ftorodent"]
[Result "0-1"]
[WhiteElo "2514"]
[BlackElo "2483"]
[TimeControl "180+2"]
[EndTime "11:33:03 PDT"]
[Termination "ftorodent won by resignation"]

1. d4 d5 2. c4 e6 3. Nc3 Be7 4.
Nf3 Nf6 5. Bg5 O-O 6. e3 h6 7. Bxf6 Bxf6 8. Qc2 c6 9. h4 g6 10. Rd1 Nd7 11. h5 g5 12. e4 dxe4 13. Qxe4 Bg7 14. Bd3 Nf6 15. Qe2 Qa5 16. Bb1 c5 17.
O-O cxd4 18. Nxd4 Bd7 19. Ne4 Nxe4 20. Qxe4 Rfd8 21. b3 Qb6 22. Rfe1 Be8 23. Qh7+ Kf8 24. Nf3 Rxd1 25. Rxd1 Rd8 26. Re1 Qc5 27. Be4 b6 28. Bb1 g4 29. Nh2 g3 30. Ng4 Rd2 31.
Rf1 Qxh5 32. fxg3 Qxg4 0-1

[Event "*** Titled Tuesday 3|2 Blitz"]
[Site "Chess.com"]
[Date "2016.09.06"]
[Round "3"]
[White "viktorskliarov"]
[Black "Saitama_Hero"]
[Result "1-0"]
[WhiteElo "2448"]
[BlackElo "2267"]
[TimeControl "180+2"]
[EndTime "11:33:10 PDT"]
[Termination "viktorskliarov won by resignation"]

1. e4 c5 2. Nf3 Nc6 3. Bb5 Qb6 4.
Nc3 e6 5. O-O Nge7 6. a4 a6 7.
Bc4 Ng6 8. d3 Be7 9. Be3 O-O 10.
Qd2 Qc7 11. Ne2 Rb8 12. a5 Rd8 13. Nf4 Nge5 14. Nxe5 Nxe5 15. Bb3 c4 16. Bb6 Qd6 17. Ba4 Re8 18. d4 Bg5 19. Bc5 Qc7 20. Nd5 Qxc5 21. Qxg5 Qxd4 22. Nf6+ Kf8 23. Nxe8 Kxe8 24. c3 Qxe4 25.
Rfe1 Nf3+ 26. gxf3 Qxf3 27. Qg3 1-0

[Event "*** Titled Tuesday 3|2 Blitz"]
[Site "Chess.com"]
[Date "2016.09.06"]
[Round "3"]
[White "alturas_pacificas"]
[Black "popov_m"]
[Result "1/2-1/2"]
[WhiteElo "2145"]
[BlackElo "2142"]
[TimeControl "180+2"]
[EndTime "11:33:10 PDT"]
[Termination "Game drawn by agreement"]

1. d4 Nf6 2. Bf4 g6 3. e3 Bg7 4.
Nf3 O-O 5. Be2 d6 6. O-O c5 7.
c3 Nbd7 8. h3 b6 9. a4 a6 10. Qd3 Bb7 11. Nbd2 Rc8 12. e4 Re8 13. Bh2 e5 14. dxe5 Nxe5 15. Nxe5 dxe5 16. Rad1 Qe7 17. f3 Rcd8 18. Qc2 Bh6 19. Nc4 Qe6 20. Nxe5 Nh5 21.
Bc4 Qf6 22. Nxf7 Be3+ 23. Kh1 Rxd1 24. Rxd1 Kg7 25. Rd7 Re7 26. Be5 Rxd7 27. Bxf6+ Nxf6 28. e5 Nh5 29. Nd6 Bd5 30. Bxd5 Ng3+ 31. Kh2 Nf1+ 32.
Kh1 Ng3+ 1/2-1/2

[Event "*** Titled Tuesday 3|2 Blitz"]
[Site "Chess.com"]
[Date "2016.09.06"]
[Round "3"]
[White "RamonManon0g"]
[Black "FearlessKing64"]
[Result "0-1"]
[WhiteElo "2193"]
[BlackElo "2333"]
[TimeControl "180+2"]
[EndTime "11:33:12 PDT"]
[Termination "FearlessKing64 won by resignation"]

1. d4 Nf6 2. c4 g6 3. Nc3 d5 4.
cxd5 Nxd5 5. e4 Nxc3 6. bxc3 Bg7 7. Bc4 c5 8. Ne2 Nc6 9. Be3 O-O 10. O-O Bg4 11. f3 cxd4 12. cxd4 Na5 13. Bxf7+ Rxf7 14. fxg4 Rxf1+ 15. Kxf1 e5 16. d5 Nc4 17. Qb3 Qf6+ 18.
Kg1 Nxe3 19. Qxe3 Bf8 20. Rf1 Qb6 21. Qxb6 axb6 22. Ra1 Bc5+ 23. Kf1 Ra4 24. Nc3 Rc4 25. Rc1 Bb4 26. Ne2 Rxe4 27. Rc8+ Kg7 28. Rc7+ Kf6 29. g5+ Kxg5 30. Rxh7 Bc5 31. Rxb7 Ra4 32. g3 Rxa2 33. h3 Rd2 34. Rd7 Rd1+ 35. Kg2 b5 36. Nc3 Rd2+ 37. Kf3 Rd3+ 38. Ke4 Rxc3 39. Kxe5 b4 40. d6 Rd3 41.
Rd8 Rxd6 42. Rb8 Rb6 43. Rd8 b3 44. Rd1 b2 45. Rb1 Be3 46. Ke4 Bc1 0-1

[Event "*** Titled Tuesday 3|2 Blitz"]
[Site "Chess.com"]
[Date "2016.09.06"]
[Round "3"]
[White "joppie2"]
[Black "hypert"]
[Result "1-0"]
[WhiteElo "2508"]
[BlackElo "2337"]
[TimeControl "180+2"]
[EndTime "11:33:15 PDT"]
[Termination "joppie2 won by resignation"]

1. e4 c5 2. Nc3 e6 3. Nf3 d6 4. g3 Nf6 5. Bg2 Be7 6. O-O O-O 7. d4 cxd4 8. Nxd4 Nbd7 9. a4 a6 10.
a5 Rb8 11. h3 Qc7 12. g4 Ne5 13. f4 Nc6 14. Nb3 d5 15. e5 Nd7 16. g5 Nc5 17. Nxc5 Bxc5+ 18. Kh1 f5 19. gxf6 gxf6 20.
exf6 Rxf6 21. f5 Rxf5 22. Rxf5 exf5 23. Nxd5 Qd8 24. Bf4 Bd6 25. Ne7+ Bxe7 26. Qxd8+ Bxd8 27. Bxc6 Ra8 28. Bd5+ Kf8 29. Re1 Bf6 30. Bh6+ Bg7 31. Bxg7+ Kxg7 32. Re8 Kf6 33. c4 f4 34. Kh2 h5 35. b4 Kf5 36. c5 f3 37. Bxf3 h4 38.
Rxc8 Rxc8 39. Bg4+ 1-0

[Event "*** Titled Tuesday 3|2 Blitz"]
[Site "Chess.com"]
[Date "2016.09.06"]
[Round "3"]
[White "Ksenia_Legenko"]
[Black "Jahonas"]
[Result "1-0"]
[WhiteElo "2024"]
[BlackElo "2179"]
[TimeControl "180+2"]
[EndTime "11:33:22 PDT"]
[Termination "Ksenia_Legenko won by resignation"]

1. d4 d5 2. c4 e6 3. Nf3 Nf6 4. g3 a6 5. Bg2 Bb4+ 6. Bd2 Bxd2+ 7. Nbxd2 O-O 8. O-O b6 9. cxd5 exd5 10. Ne5 Bb7 11. Rc1 Nbd7 12. Nc6 Qe8 13. e3 Qe6 14. Qc2 Rfc8 15. Nf3 Nb8 16. Nfe5 Nfd7 17. Nxb8 Raxb8 18. Nc6 Ra8 19. Rfd1 Nb8 20. Nxb8 Raxb8 21. Qe2 c5 22. dxc5 bxc5 23. b3 g6 24. Qd2 d4 25. Bxb7 dxe3 26. Bxc8 exd2 27. Bxe6 dxc1=Q 28. Bxf7+ Kxf7 29. Rxc1 Rb5 30. Kf1 Ke6 31. Ke2 Kd5 32. Rd1+ Kc6 33. Kd3 Rb4 34. Kc3 a5 35. Rd8 a4 36. Rc8+ Kd6 37. Ra8 axb3 38. axb3 Rg4 39. Ra7 h5 40. Ra6+ Kd5 41. h3 Rg5 42. h4 Rg4 43. Ra4 1-0

[Event "*** Titled Tuesday 3|2 Blitz"]
[Site "Chess.com"]
[Date "2016.09.06"]
[Round "3"]
[White "Usurpov"]
[Black "Haykos"]
[Result "0-1"]
[WhiteElo "2307"]
[BlackElo "2228"]
[TimeControl "180+2"]
[EndTime "11:33:26 PDT"]
[Termination "Haykos won by resignation"]

1. e4 e5 2. Nf3 Nc6 3. Nc3 g6 4. d4 exd4 5. Nxd4 Bg7 6. Be3 Nge7 7. Qd2 O-O 8. Nxc6 bxc6 9. O-O-O d6 10. h4 Be6 11. h5 c5 12. Bh6 Bh8 13. f4 Bg4 14. Bxf8 Qxf8 15. Be2 Bxe2 16. Qxe2 Rb8 17. e5 Nf5 18.
hxg6 hxg6 19. Qc4 Ne3 20. Qe4 Nxd1 21. Rxd1 Rb4 22. Qf3 dxe5 23. Nd5 Rxb2 24. fxe5 Rxa2 25. Nf6+ Bxf6 26. Qxf6 Ra1+ 27. Kd2 Qh6+ 28. Ke2 Qh5+ 29. Qf3 Qxf3+ 30. gxf3 Rxd1 0-1

[Event "*** Titled Tuesday 3|2 Blitz"]
[Site "Chess.com"]
[Date "2016.09.06"]
[Round "3"]
[White "AlexanderL"]
[Black "Drags95"]
[Result "0-1"]
[WhiteElo "2512"]
[BlackElo "2404"]
[TimeControl "180+2"]
[EndTime "11:33:27 PDT"]
[Termination "Drags95 won by checkmate"]

1. d4 Nf6 2. c4 g6 3. Nc3 d5 4. cxd5 Nxd5 5. e4 Nxc3 6. bxc3 Bg7 7. Qa4+ Nd7 8. Nf3 O-O 9. Be2 c5 10. O-O cxd4 11. cxd4 Nb6 12. Qb4 Bg4 13. Be3 Qd6 14. Qd2 Bxf3 15. gxf3 Rfd8 16. Rfd1 Rac8 17. Rac1 e6 18. Kg2 Qa3 19. Rxc8 Rxc8 20. d5 exd5 21. exd5 Qd6 22. f4 Nc4 23. Bxc4 Rxc4 24. Qe2 b5 25. a4 a6 26. axb5 axb5 27. Qf3 Bf6 28. f5 Kg7 29. fxg6 hxg6 30. Qg3 Be5 31. Qh3 b4 32.
Rd3 b3 33. Bh6+ Kg8 34. Rxb3 Qxd5+ 35. Rf3 Bf4 36. Bxf4 Rxf4 37. Qg3 g5 38. h3 Kg7 39. h4 Rxh4 40. Kg1 Qd1+ 41. Kg2 Qh1# 0-1

[Event "*** Titled Tuesday 3|2 Blitz"]
[Site "Chess.com"]
[Date "2016.09.06"]
[Round "3"]
[White "VMikhalevski"]
[Black "Blitzstream"]
[Result "1-0"]
[WhiteElo "2443"]
[BlackElo "2539"]
[TimeControl "180+2"]
[EndTime "11:33:40 PDT"]
[Termination "VMikhalevski won by checkmate"]

1. Nf3 d5 2. g3 Nf6 3. Bg2 c5 4. O-O Nc6 5. d4 e6 6. b3 Be7 7. Bb2 O-O 8. e3 b6 9. c4 Bb7 10. cxd5 exd5 11. Nc3 Rc8 12. Rc1 Ba6 13. Re1 Nb4 14.
Ne5 Nd7 15. Nxd5 Nxe5 16. Nxb4 cxb4 17. dxe5 Rc5 18. Bd4 Ra5 19. Rc2 Bc5 20. Bxc5 bxc5 21. Bd5 Qe7 22. f4 Rd8 23. Qf3 Bc8 24. e4 Ra3 25. Rec1 Ra5 26. Qe3 Be6 27. Rxc5 Rxa2 28. Rc7 Qf8 29. Bxe6 fxe6 30. R7c2 Ra3 31. Kg2 a5 32.
Qb6 Qe8 33. Rb2 h6 34. Rc6 Kh7 35. Rxe6 Qh5 36. Qxd8 Ra1 37. Re8 Qg4 38. Rh8+ Kg6 39. Qe8# 1-0

[Event "*** Titled Tuesday 3|2 Blitz"]
[Site "Chess.com"]
[Date "2016.09.06"]
[Round "3"]
[White "Andrejkin"]
[Black "PowerThinking2650"]
[Result "0-1"]
[WhiteElo "2205"]
[BlackElo "2164"]
[TimeControl "180+2"]
[EndTime "11:33:42 PDT"]
[Termination "PowerThinking2650 won by resignation"]

1. c4 Nf6 2. Nc3 g6 3. g3 Bg7 4. Bg2 O-O 5. Nf3 d6 6. O-O e5 7.
d3 Nc6 8. Rb1 a5 9. a3 Bf5 10.
Bd2 Qd7 11. Re1 h6 12. b4 axb4 13. axb4 Bh3 14. Bh1 Ng4 15. b5 Nd8 16. Nh4 g5 17.
Ng2 f5 18. f4 exf4 19. gxf4 Ne6 20. e3 Nc5 21. Qe2 Rae8 22. Qf1 Bxc3 23. Bxc3 Nxe3 24. Qf3 g4 25. Qg3 Nxg2 26. Bxg2 Bxg2 27. Qxg2 Qf7 28. Qd2 Rxe1+ 29. Rxe1 Re8 30. Rf1 Qe7 31. Bd4 Qe2 32. Rf2 Qxd2 33. Rxd2 Nb3 0-1

[Event "*** Titled Tuesday 3|2 Blitz"]
[Site "Chess.com"]
[Date "2016.09.06"]
[Round "3"]
[White "MateusViageiro"]
[Black "Astaneh"]
[Result "0-1"]
[WhiteElo "2353"]
[BlackElo "2484"]
[TimeControl "180+2"]
[EndTime "11:33:47 PDT"]
[Termination "Astaneh won by resignation"]

1. Nf3 Nf6 2. g3 g6 3. Bg2 Bg7 4. O-O O-O 5. d4 d5 6. Nbd2 b6 7.
c4 Bb7 8. Ne5 e6 9. Qc2 Nbd7 10.
cxd5 Nxe5 11. dxe5 Nxd5 12. Nc4 Nb4 13. Qb3 Bxg2 14.
Kxg2 Nc6 15. f4 Nd4 16. Qd3 c5 17. Nd6 f6 18. Qc4 fxe5 19. fxe5 Rxf1 20. Kxf1 Bxe5 21. Ne4 Qd5 22. Qd3 c4 23. Qb1 Rf8+ 24. Ke1 Bg7 25. Bf4 Qf5 26. Nd6 Qa5+ 27. Kd1 Qd5 28. Qe4 Nf5+ 29.
Qxd5 exd5 30. Nxf5 Rxf5 31. Kc2 g5 32. Be3 Re5 33.
Kd2 h6 34. Bd4 Rf5 35. Bxg7 Kxg7 36. Ke3 Kf6 37. Rd1 Ke6 38. Rd4 Rf1 39. h4 Rb1 40.
hxg5 hxg5 41. Rd2 Ke5 42. Kf3 d4 43. Kg4 Ke4 44. Kxg5 Ke3 45. Rc2 d3 46. exd3 cxd3 47. Rc7 d2 48. Re7+ Kf3 49. Rd7 d1=Q 50. Rxd1 Rxd1 0-1

[Event "*** Titled Tuesday 3|2 Blitz"]
[Site "Chess.com"]
[Date "2016.09.06"]
[Round "3"]
[White "ZEN-22"]
[Black "MattyDPerrine"]
[Result "1-0"]
[WhiteElo "2274"]
[BlackElo "2194"]
[TimeControl "180+2"]
[EndTime "11:33:51 PDT"]
[Termination "ZEN-22 won by resignation"]

1. e4 c5 2. Bc4 e6 3. d4 cxd4 4. c3 dxc3 5. Nxc3 Nc6 6. Nf3 a6 7. a3 Nge7 8. Bg5 Qc7 9. Rc1 f6 10. Bh4 Ng6 11. Bg3 Qa5 12. O-O b5 13. Ba2 b4 14. axb4 Qxb4 15. Re1 Bc5 16. Nd5 exd5 17. exd5+ Nce5 18. Nxe5 fxe5 19. Qh5 O-O 20. d6+ Kh8 21. Bd5 Bb7 22. Bxb7 Qxb7 23. Rxc5 Qxb2 24. h3 Qd4 25.
Ra5 Qb4 26. Rea1 Qxd6 27. R1a4 Qf6 28. Kh2 d6 29. Rxa6 Rxa6 30. Rxa6 Qe7 31. Qd1 Rd8 32.
Qd5 Qf6 33. f3 Ne7 34. Qb7 h6 35. Qc7 Nf5 36. Bf2 Qe7 37. Qc2 Qf7 38. Rc6 Ne7 39.
Rc7 Qe6 40. Bh4 g5 41. Bg3 Nf5 42. Bf2 Rf8 43. g4 Ne7 44. Kg2 Qf6 45. Qd3 d5 46. Bc5 e4 47. fxe4 dxe4 48. Qxe4 Qf1+ 49. Kg3 Qf4+ 50.
Qxf4 gxf4+ 51. Kf3 Nd5 52. Bd4+ Nf6 53. Rc6 Kg7 54. Kxf4 Kg6 55. h4 1-0

[Event "*** Titled Tuesday 3|2 Blitz"]
[Site "Chess.com"]
[Date "2016.09.06"]
[Round "3"]
[White "goingin33"]
[Black "talaicito"]
[Result "1-0"]
[WhiteElo "2142"]
[BlackElo "1961"]
[TimeControl "180+2"]
[EndTime "11:33:57 PDT"]
[Termination "goingin33 won on time"]

1. e4 e6 2. d4 d5 3. Nc3 Bb4 4. exd5 Qxd5 5. Nf3 b6 6. Bd2 Bxc3 7. bxc3 Bb7 8. c4 Qd8 9. Be3 Nf6 10. h3 Nbd7 11. Be2 O-O 12. O-O c5 13. c3 Rc8 14. Rc1 Qc7 15. Qa4 Bc6 16. Qa3 Ne4 17. Rfd1 Ndf6 18. Ne5 Ba8 19. Bf4 Qb7 20. f3 Nh5 21. Bh2 Neg3 22.
Bd3 f6 23. Ng4 Rfd8 24. Qb2 Qf7 25. Qc2 f5 26. Ne5 Qf6 27. Qf2 Qh4 28. Bc2 f4 29. Bb1 cxd4 30. cxd4 Rf8 31. Qc2 Nf5 32. d5 Bxd5 33. Qe2 Ba8 34. Nd7 Rf7 35. Qxe6 Ne3 36. Ne5 1-0

[Event "*** Titled Tuesday 3|2 Blitz"]
[Site "Chess.com"]
[Date "2016.09.06"]
[Round "3"]
[White "usbista"]
[Black "CraiggoryC"]
[Result "1-0"]
[WhiteElo "2087"]
[BlackElo "2012"]
[TimeControl "180+2"]
[EndTime "11:34:05 PDT"]
[Termination "usbista won by resignation"]

1. e4 e6 2. d4 d5 3. Nd2 Be7 4. f4 dxe4 5. Nxe4 Nf6 6. Ng3 c5 7. Nf3 Nc6 8. Bd3 cxd4 9. O-O O-O 10. Bd2 Qb6 11. Ng5 h6 12. Qf3 hxg5 13. fxg5 Ne5 14.
Qe2 Nfg4 15. h3 Nxd3 16. hxg4 Nxb2 17. Kh2 Bd6 18. Bf4 Bxf4 19. Rxf4 Na4 20. Raf1 Nc3 21. Qe5 Nd5 22. Nh5 f6 23. gxf6 gxf6 24. Rxf6 Rxf6 25. Qg5+ Kf7 26. Qg7+ Ke8 27. Nxf6+ Nxf6 28. Rxf6 Qd6+ 29. g3 Qe7 30. Qg6+ Kd8 31. Rf7 Qe8 32. Qf6+ 1-0

[Event "*** Titled Tuesday 3|2 Blitz"]
[Site "Chess.com"]
[Date "2016.09.06"]
[Round "3"]
[White "tigra"]
[Black "Alexander_Moskalenko"]
[Result "0-1"]
[WhiteElo "2459"]
[BlackElo "2629"]
[TimeControl "180+2"]
[EndTime "11:34:10 PDT"]
[Termination "Alexander_Moskalenko won by resignation"]

1. e4 d5 2. exd5 Nf6 3. c4 e6 4. dxe6 Bxe6 5. Nc3 Nc6 6. d3 Qe7 7. Be3 O-O-O 8. Qa4 Ng4 9. O-O-O Nxe3 10. fxe3 Qg5 11. Re1 Bc5 12. Kd2 Ne5 13. Ne4 Nxd3 14. Bxd3 Qxg2+ 15. Kc1 Rxd3 16. Nf3 Bxe3+ 17. Rxe3 Qxh1+ 18. Re1 Qxf3 19.
Qxa7 Kd7 20. Qxb7 Rd8 21. Nc5+ Ke8 22. Qb5+ c6 23. Qa4 Rc3+ 24. Kb1 Re3 25. Rg1 Qf5+ 26. Ka1 Qxc5 27. Rc1 g6 28. a3 Red3 29. Qc2 Rxa3+ 0-1